[ AOE2 MATCH · #507624512 ]
UnrankedJapanese vs Spanish
Player's team · LOSS
Rival team · WIN
[ REPLAY ANALYSIS · EXTRACTED FROM THE RECORDED GAME ]
Feudal
12:21
Castle
—
Imperial
—
| APM avg | 17.1 |
| APM peak | 32 |
| eAPM avg | 9.5 |
| Villagers / military | 41 / 29 |
Focus
⚔️ 29.4% · 🌾 70.6%
Skirmisher ×15 · Militia ×14
Feudal
9:54
Castle
22:59
Imperial
—
| APM avg | 53.0 |
| APM peak | 88 |
| eAPM avg | 14.7 |
| Villagers / military | 78 / 50 |
Focus
⚔️ 26.9% · 🌾 73.1%
Knight ×25 · Archer ×15 · Scout Cavalry ×10
Match map
Initial resources + every placement click. Lines = walls · curves = elevation contours. ◆ gold · ⬟ stone · ● berries · ✦ relic · ◌ wall gap
Your base· Open — unwalled flank
Code Name: Raven's base· Open — unwalled flank
Smoothed initial terrain · ◌ = detected wall gap · hover for details
Inputs per minute
— [VENINI]LordMooca - - Code Name: Raven
Build order — [VENINI]LordMooca
125 actions detected in the replay
| 0:02 | Queue | Villager (Male) ×4 |
| 0:03 | Research | Loom |
| 0:06 | Build | House |
| 2:01 | Queue | Villager (Male) |
| 2:17 | Queue | Villager (Male) |
| 2:27 | Build | House |
| 2:30 | Build | House |
| 2:54 | Queue | Villager (Male) |
| 3:25 | Queue | Villager (Male) |
| 3:25 | Queue | Villager (Male) |
| 4:03 | Build | House |
| 4:13 | Queue | Villager (Male) |
| 4:13 | Queue | Villager (Male) |
| 5:12 | Queue | Villager (Male) |
| 5:46 | Queue | Villager (Male) |
| 5:46 | Queue | Villager (Male) |
| 6:46 | Queue | Villager (Male) |
| 7:12 | Build | Barracks |
| 7:21 | Queue | Villager (Male) |
| 7:21 | Queue | Villager (Male) |
| 7:50 | Queue | Villager (Male) |
| 8:20 | Build | Lumber Camp |
| 8:34 | Build | Mill |
| 8:42 | Queue | Villager (Male) |
| 9:05 | Queue | Villager (Male) |
| 9:43 | Build | Mill |
| 10:11 | Research | Feudal Age |
| 10:39 | Queue | Militia |
| 10:56 | Build | House |
| 11:15 | Queue | Militia |
| 11:27 | Queue | Militia |
| 11:39 | Queue | Militia |
| 12:21 | Age | Feudal Age |
| 12:22 | Build | Mill |
| 12:28 | Queue | Villager (Male) |
| 12:28 | Queue | Villager (Male) |
| 12:39 | Build | House |
| 12:42 | Research | Man-at-Arms (upgrade) |
| 13:02 | Queue | Villager (Male) |
| 13:32 | Queue | Militia |
| 13:32 | Queue | Militia |
| 13:44 | Queue | Villager (Male) |
| 14:14 | Build | Watch Tower |
| 14:22 | Queue | Militia |
| 14:23 | Queue | Militia |
| 14:37 | Build | House |
| 15:50 | Build | Archery Range |
| 15:57 | Queue | Villager (Male) |
| 15:57 | Queue | Villager (Male) |
| 15:57 | Queue | Villager (Male) |
| 16:07 | Research | Double-Bit Axe |
| 16:37 | Queue | Skirmisher |
| 16:37 | Queue | Skirmisher |
| 16:43 | Build | Archery Range |
| 17:03 | Queue | Militia |
| 17:04 | Queue | Militia |
| 17:04 | Queue | Militia |
| 17:28 | Queue | Skirmisher |
| 17:48 | Queue | Skirmisher |
| 17:49 | Queue | Skirmisher |
| 18:22 | Queue | Skirmisher |
| 18:23 | Queue | Skirmisher |
| 18:26 | Build | House |
| 18:27 | Build | House |
| 18:33 | Build | Farm |
| 18:33 | Build | Farm |
| 18:33 | Build | Farm |
| 18:34 | Build | Farm |
| 18:34 | Build | Farm |
| 18:34 | Build | Farm |
| 18:34 | Build | Farm |
| 18:35 | Build | Farm |
| 18:39 | Queue | Villager (Male) |
| 18:40 | Queue | Villager (Male) |
| 18:40 | Queue | Villager (Male) |
| 19:01 | Build | Farm |
| 19:02 | Build | Farm |
| 19:02 | Build | Farm |
| 19:18 | Build | Mill |
| 19:28 | Build | Farm |
| 19:45 | Research | Arson |
| 19:54 | Research | Wheelbarrow |
| 20:01 | Build | Mining Camp |
| 20:11 | Queue | Skirmisher |
| 20:11 | Queue | Skirmisher |
| 20:11 | Queue | Skirmisher |
| 20:36 | Build | Lumber Camp |
| 21:18 | Queue | Villager (Male) |
| 21:18 | Queue | Villager (Male) |
| 21:34 | Queue | Skirmisher |
| 21:35 | Queue | Skirmisher |
| 21:35 | Queue | Skirmisher |
| 22:41 | Queue | Villager (Male) |
| 22:41 | Queue | Villager (Male) |
| 22:41 | Queue | Villager (Male) |
| 22:52 | Build | Blacksmith |
| 23:12 | Build | Market |
| 23:14 | Research | Fletching |
| 23:33 | Build | Farm |
| 23:38 | Build | Farm |
| 23:40 | Queue | Villager (Male) |
| 23:53 | Queue | Skirmisher |
| 23:53 | Queue | Skirmisher |
| 23:59 | Research | Padded Archer Armor |
| 24:11 | Build | House |
| 24:12 | Build | House |
| 24:12 | Build | House |
| 24:19 | Build | Farm |
| 24:28 | Build | Watch Tower |
| 24:36 | Queue | Militia |
| 24:37 | Queue | Militia |
| 24:37 | Queue | Militia |
| 25:35 | Build | House |
| 25:53 | Build | House |
| 25:56 | Build | House |
| 26:02 | Build | House |
| 26:27 | Build | Mining Camp |
| 26:36 | Build | Lumber Camp |
| 26:42 | Queue | Villager (Male) |
| 26:42 | Queue | Villager (Male) |
| 27:23 | Build | Farm |
| 27:41 | Build | Stone Wall |
| 28:16 | Queue | Villager (Male) |
| 28:16 | Queue | Villager (Male) |
| 28:16 | Queue | Villager (Male) |
Build order — Code Name: Raven
First 150 of 193 actions detected
| 0:01 | Queue | Villager (Male) |
| 0:01 | Queue | Villager (Male) |
| 0:01 | Queue | Villager (Male) |
| 0:02 | Build | House |
| 0:04 | Build | House |
| 0:09 | Queue | Villager (Male) |
| 0:10 | Queue | Villager (Male) |
| 1:29 | Queue | Villager (Male) |
| 1:29 | Queue | Villager (Male) |
| 1:45 | Build | Lumber Camp |
| 2:06 | Queue | Villager (Male) |
| 2:07 | Queue | Villager (Male) |
| 2:07 | Queue | Villager (Male) |
| 2:57 | Queue | Villager (Male) |
| 2:58 | Queue | Villager (Male) |
| 3:18 | Queue | Villager (Male) |
| 3:18 | Queue | Villager (Male) |
| 3:38 | Build | House |
| 3:39 | Build | House |
| 3:49 | Queue | Villager (Male) |
| 3:49 | Queue | Villager (Male) |
| 4:10 | Queue | Villager (Male) |
| 4:10 | Queue | Villager (Male) |
| 4:10 | Queue | Villager (Male) |
| 4:23 | Queue | Villager (Male) |
| 4:23 | Queue | Villager (Male) |
| 4:38 | Queue | Villager (Male) |
| 4:38 | Queue | Villager (Male) |
| 5:05 | Queue | Villager (Male) |
| 5:05 | Queue | Villager (Male) |
| 5:08 | Build | Mill |
| 5:20 | Queue | Villager (Male) |
| 5:20 | Queue | Villager (Male) |
| 5:20 | Queue | Villager (Male) |
| 6:17 | Queue | Villager (Male) |
| 6:37 | Queue | Villager (Male) |
| 7:06 | Research | Loom |
| 7:44 | Research | Feudal Age |
| 7:51 | Build | Lumber Camp |
| 8:08 | Build | Mining Camp |
| 8:58 | Queue | Villager (Male) |
| 8:58 | Queue | Villager (Male) |
| 9:01 | Build | Barracks |
| 9:54 | Age | Feudal Age |
| 10:01 | Build | Archery Range |
| 10:14 | Research | Double-Bit Axe |
| 10:26 | Queue | Villager (Male) |
| 10:37 | Queue | Archer |
| 10:37 | Queue | Archer |
| 10:37 | Queue | Archer |
| 10:47 | Build | House |
| 10:48 | Build | House |
| 11:04 | Build | Farm |
| 11:05 | Queue | Villager (Male) |
| 11:05 | Queue | Villager (Male) |
| 11:24 | Build | Farm |
| 11:30 | Queue | Villager (Male) |
| 11:30 | Queue | Villager (Male) |
| 11:44 | Build | Blacksmith |
| 11:54 | Queue | Archer |
| 11:54 | Queue | Archer |
| 11:59 | Queue | Villager (Male) |
| 11:59 | Queue | Villager (Male) |
| 12:16 | Build | Farm |
| 12:32 | Queue | Archer |
| 12:41 | Research | Fletching |
| 12:51 | Build | Farm |
| 12:55 | Build | Farm |
| 13:28 | Queue | Archer |
| 13:28 | Queue | Archer |
| 13:28 | Queue | Archer |
| 13:35 | Queue | Villager (Male) |
| 13:35 | Queue | Villager (Male) |
| 13:47 | Queue | Villager (Male) |
| 13:47 | Queue | Villager (Male) |
| 13:49 | Build | Farm |
| 13:52 | Build | Farm |
| 14:23 | Queue | Archer |
| 14:23 | Queue | Archer |
| 14:23 | Queue | Archer |
| 14:49 | Queue | Villager (Male) |
| 14:49 | Queue | Villager (Male) |
| 14:50 | Queue | Villager (Male) |
| 14:54 | Build | House |
| 15:13 | Queue | Villager (Male) |
| 15:13 | Queue | Villager (Male) |
| 15:16 | Build | Farm |
| 15:18 | Build | Farm |
| 15:33 | Queue | Villager (Male) |
| 15:33 | Queue | Villager (Male) |
| 16:03 | Build | Palisade Wall |
| 16:05 | Build | Palisade Wall |
| 16:07 | Build | Palisade Wall |
| 16:20 | Queue | Villager (Male) |
| 16:20 | Queue | Villager (Male) |
| 16:32 | Queue | Archer |
| 16:32 | Queue | Archer |
| 16:32 | Queue | Archer |
| 16:37 | Queue | Villager (Male) |
| 16:37 | Queue | Villager (Male) |
| 16:50 | Build | House |
| 16:51 | Build | House |
| 16:52 | Build | House |
| 17:01 | Build | Farm |
| 17:02 | Queue | Villager (Male) |
| 17:02 | Queue | Villager (Male) |
| 17:06 | Build | Farm |
| 17:07 | Build | Farm |
| 17:08 | Build | Farm |
| 17:09 | Build | Farm |
| 17:36 | Queue | Villager (Male) |
| 17:36 | Queue | Villager (Male) |
| 17:49 | Queue | Villager (Male) |
| 17:49 | Queue | Villager (Male) |
| 18:10 | Queue | Villager (Male) |
| 18:18 | Build | Stable |
| 18:42 | Build | Farm |
| 18:43 | Build | Farm |
| 18:44 | Build | Farm |
| 18:52 | Queue | Villager (Male) |
| 18:52 | Queue | Villager (Male) |
| 18:59 | Build | House |
| 19:14 | Build | Farm |
| 19:17 | Build | Farm |
| 19:49 | Build | House |
| 19:50 | Build | House |
| 19:52 | Build | House |
| 19:53 | Build | House |
| 19:56 | Build | Palisade Wall |
| 20:19 | Research | Castle Age |
| 20:31 | Build | Stable |
| 20:42 | Build | Farm |
| 20:50 | Research | Bloodlines |
| 21:13 | Queue | Scout Cavalry |
| 21:14 | Queue | Scout Cavalry |
| 22:05 | Queue | Scout Cavalry |
| 22:05 | Queue | Scout Cavalry |
| 22:11 | Build | House |
| 22:59 | Age | Castle Age |
| 23:00 | Build | Farm |
| 23:01 | Build | Farm |
| 23:03 | Queue | Scout Cavalry ×4 |
| 23:04 | Queue | Knight |
| 23:04 | Queue | Knight |
| 23:23 | Queue | Scout Cavalry |
| 23:24 | Queue | Scout Cavalry |
| 23:31 | Queue | Villager (Male) |
| 23:31 | Queue | Villager (Male) |
| 23:31 | Queue | Villager (Male) |
| 23:33 | Build | Farm |
Match timeline
| 7:12 | [VENINI]LordMooca · first_building Barracks |
| 9:01 | Code Name: Raven · first_building Barracks |
| 9:54 | Code Name: Raven · age_up feudal |
| 10:01 | Code Name: Raven · first_building Archery Range |
| 12:21 | [VENINI]LordMooca · age_up feudal |
| 15:50 | [VENINI]LordMooca · first_building Archery Range |
| 16:03 | Code Name: Raven · wall_segment Palisade Wall x4 |
| 16:05 | Code Name: Raven · wall_segment Palisade Wall x4 |
| 16:07 | Code Name: Raven · wall_segment Palisade Wall x4 |
| 18:18 | Code Name: Raven · first_building Stable |
| 19:56 | Code Name: Raven · wall_segment Palisade Wall x1 |
| 22:59 | Code Name: Raven · age_up castle |
| 23:44 | [VENINI]LordMooca · first_market_buy 100 stone |
| 27:41 | [VENINI]LordMooca · wall_segment Stone Wall x1 |
| 28:35 | [VENINI]LordMooca · resign |
[ AI ANALYSIS · 1 CREDIT ]
What really happened in this match?
Wolo.gg analyzes every decision: build order, eco, micro, common mistakes by bracket. Personalized analysis on WhatsApp or Discord in 30 seconds.
Civ guide
Japanese
Perfil
Jugador #3364516